NCAA
TEXAS TECH RED RAIDERS @ MINNESOTA GOLDEN GOPHERS
05/23/2027
 
TOP OF THE 1ST
Texas Tech Red Raiders batting - Pitching for Minnesota Golden Gophers : RHP Harvey Taylor
Pitching: RHP Harvey Taylor
Batting: RHB Sam Lynch 0-0: Called Strike
0-1: Fly out, F7 (Flyball, 7)
Batting: RHB Lorenzo Hernández 0-0: Ball
1-0: Ball
2-0: Reached on error, E6 (Groundball, 56)
Batting: RHB Cameron Irwin 0-0: Fly out, F8 (Flyball, 8RS)
Now in CF: Matt Pennington
Batting: LHB Arthur Guzmán 0-0: Ball
1-0: Swinging Strike
1-1: 2-RUN HOME RUN (Flyball, 9D), Distance : 350 ft
Batting: RHB Gilberto Bautista 0-0: SINGLE (Line Drive, 4MD)
Batting: RHB Josh Bergman 0-0: Called Strike
Gilberto Bautista steals 2nd base
0-1: Foul Ball, location: 2F
0-2: Strikes out swinging
Top of the 1st over - 2 run(s), 2 hit(s), 1 error(s), 1 left on base; Texas Tech 2 - Minnesota 0
BOTTOM OF THE 1ST
Minnesota Golden Gophers batting - Pitching for Texas Tech Red Raiders : RHP Benton Wilkerson
Pitching: RHP Benton Wilkerson
Batting: RHB Pedro García 0-0: Ball
1-0: Foul Ball, location: 2F
1-1: Swinging Strike
1-2: Foul Ball, location: 2F
1-2: Ball
2-2: SINGLE (Line Drive, 56D)
Batting: RHB James Morris 0-0: Ball
1-0: Ball
2-0: Fly out, F7 (Flyball, 78M)
Batting: RHB Tim Glendonwyn 0-0: Called Strike
0-1: Foul Ball, location: 2F
0-2: Ball
1-2: Foul Ball, location: 2F
1-2: Fly out, F9 (Flyball, 89S)
Batting: LHB Tony Ayala 0-0: Ball
1-0: Called Strike
1-1: Ball
2-1: Ball
3-1: Swinging Strike
3-2: Foul Ball, location: 2F
3-2: Strikes out swinging
Bottom of the 1st over - 0 run(s), 1 hit(s), 0 error(s), 1 left on base; Texas Tech 2 - Minnesota 0
TOP OF THE 2ND
Texas Tech Red Raiders batting - Pitching for Minnesota Golden Gophers : RHP Harvey Taylor
Batting: RHB Ángel Herrera 0-0: Ball
1-0: Ball
2-0: Swinging Strike
2-1: Ball
3-1: Foul Ball, location: 2F
3-2: Base on Balls
Batting: SHB Andrés Cruz 0-0: Ball
1-0: Foul Ball, location: 2F
1-1: Ball
Wild Pitch!
Ángel Herrera to second
2-1: Swinging Strike
2-2: Strikes out swinging
Batting: RHB Nick McIntyre 0-0: Ball
1-0: Fly out, F7 (Flyball, 7LMF)
Batting: RHB Sam Lynch 0-0: SINGLE (Groundball, 6MD)
Ángel Herrera to third
Runner from 3rd tries for Home, throw and OUT!
Top of the 2nd over - 0 run(s), 1 hit(s), 0 error(s), 1 left on base; Texas Tech 2 - Minnesota 0
BOTTOM OF THE 2ND
Minnesota Golden Gophers batting - Pitching for Texas Tech Red Raiders : RHP Benton Wilkerson
Batting: RHB Christian Nash 0-0: Foul Ball, location: 2F
0-1: Ball
1-1: Swinging Strike
1-2: Ball
2-2: Foul Ball, location: 2F
2-2: Fly out, F2 (Popup, 25)
Batting: RHB Mike Martínez 0-0: Ball
1-0: Called Strike
1-1: Swinging Strike
1-2: Ground out 6-3 (Groundball, 6)
Batting: LHB Scott Rivera 0-0: Called Strike
0-1: Ball
1-1: Called Strike
1-2: Ball
2-2: Strikes out swinging
Bottom of the 2nd over - 0 run(s), 0 hit(s), 0 error(s), 0 left on base; Texas Tech 2 - Minnesota 0
TOP OF THE 3RD
Texas Tech Red Raiders batting - Pitching for Minnesota Golden Gophers : RHP Harvey Taylor
Batting: RHB Lorenzo Hernández 0-0: Fly out, F6 (Line Drive, 6)
Batting: RHB Cameron Irwin 0-0: Foul Ball, location: 2F
0-1: Fly out, F7 (Flyball, 78M)
Batting: LHB Arthur Guzmán 0-0: Ball
1-0: Swinging Strike
1-1: Ball
2-1: Foul Ball, location: 2F
2-2: Strikes out swinging
Top of the 3rd over - 0 run(s), 0 hit(s), 0 error(s), 0 left on base; Texas Tech 2 - Minnesota 0
BOTTOM OF THE 3RD
Minnesota Golden Gophers batting - Pitching for Texas Tech Red Raiders : RHP Benton Wilkerson
Batting: LHB Matt Pennington 0-0: Ground out 5-3 (Groundball, 56D)
Batting: RHB Miguel Rodríguez 0-0: Called Strike
0-1: Foul Ball, location: 2F
0-2: Ball
1-2: Ball
2-2: Foul Ball, location: 2F
2-2: SOLO HOME RUN (Flyball, 7D), Distance : 368 ft
Batting: RHB Pedro García 0-0: Ball
1-0: Foul Ball, location: 2F
1-1: Ball
2-1: Ball
3-1: Base on Balls
Batting: RHB James Morris 0-0: Foul Ball, location: 2F
0-1: Swinging Strike
0-2: Ball
1-2: Fly out, F8 (Flyball, 89S)
Batting: RHB Tim Glendonwyn 0-0: Foul Ball, location: 2F
0-1: Swinging Strike
0-2: Ball
1-2: Ball
2-2: Strikes out looking
Bottom of the 3rd over - 1 run(s), 1 hit(s), 0 error(s), 1 left on base; Texas Tech 2 - Minnesota 1
TOP OF THE 4TH
Texas Tech Red Raiders batting - Pitching for Minnesota Golden Gophers : RHP Harvey Taylor
Batting: RHB Gilberto Bautista 0-0: Called Strike
0-1: Ball
1-1: Ground out 6-3 (Groundball, 6)
Batting: RHB Josh Bergman 0-0: Called Strike
0-1: Ground out 5-3 (Groundball, 5)
Batting: RHB Ángel Herrera 0-0: Ball
1-0: Foul Ball, location: 2F
1-1: Ball
2-1: Ground out 5-3 (Groundball, 56S)
Top of the 4th over - 0 run(s), 0 hit(s), 0 error(s), 0 left on base; Texas Tech 2 - Minnesota 1
BOTTOM OF THE 4TH
Minnesota Golden Gophers batting - Pitching for Texas Tech Red Raiders : RHP Benton Wilkerson
Batting: LHB Tony Ayala 0-0: Called Strike
0-1: Foul Ball, location: 2F
0-2: Ball
1-2: Foul Ball, location: 2F
1-2: Ball
2-2: Foul Ball, location: 2F
2-2: Ground out 4-3 (Groundball, 4)
Batting: RHB Christian Nash 0-0: SINGLE (Flyball, 9S)
Batting: RHB Mike Martínez 0-0: Ball
1-0: Ball
2-0: Called Strike
2-1: Ball
3-1: Called Strike
3-2: Strikes out swinging
Batting: LHB Scott Rivera 0-0: Ball
Christian Nash is caught stealing 2nd base
Bottom of the 4th over - 0 run(s), 1 hit(s), 0 error(s), 0 left on base; Texas Tech 2 - Minnesota 1
TOP OF THE 5TH
Texas Tech Red Raiders batting - Pitching for Minnesota Golden Gophers : RHP Harvey Taylor
Batting: SHB Andrés Cruz 0-0: SINGLE (Line Drive, 3D)
Batting: RHB Nick McIntyre 0-0: Ball
1-0: Grounds into double play, 4-6-3 (Groundball, 4)
Batting: RHB Sam Lynch 0-0: Ball
1-0: Ball
2-0: Called Strike
2-1: Ball
3-1: Fly out, F7 (Flyball, 7)
Top of the 5th over - 0 run(s), 1 hit(s), 0 error(s), 0 left on base; Texas Tech 2 - Minnesota 1
BOTTOM OF THE 5TH
Minnesota Golden Gophers batting - Pitching for Texas Tech Red Raiders : RHP Benton Wilkerson
Batting: LHB Scott Rivera 0-0: Fly out, F9 (Flyball, 9LS)
Batting: LHB Matt Pennington 0-0: Ball
1-0: Called Strike
1-1: Ball
2-1: Ball
3-1: Bunt missed!
3-2: SINGLE (Groundball, 34D)
Batting: RHB Miguel Rodríguez 0-0: Called Strike
Matt Pennington is caught stealing 2nd base
0-1: SOLO HOME RUN (Flyball, 7LD), Distance : 312 ft
Batting: RHB Pedro García 0-0: Ball
1-0: Called Strike
1-1: Foul Ball, location: 2F
1-2: Foul Ball, location: 2F
1-2: Foul Ball, location: 2F
1-2: SINGLE (Groundball, 6D)
Pitching: RHP Brent McPherson
Batting: RHB James Morris 0-0: Ball
1-0: Ball
2-0: Called Strike
2-1: Fielders Choice at 2nd, 6-4 (Groundball, 6)
Bottom of the 5th over - 1 run(s), 3 hit(s), 0 error(s), 0 left on base; Texas Tech 2 - Minnesota 2
TOP OF THE 6TH
Texas Tech Red Raiders batting - Pitching for Minnesota Golden Gophers : RHP Harvey Taylor
Batting: RHB Lorenzo Hernández 0-0: Foul Ball, location: 2F
0-1: Ball
1-1: Swinging Strike
1-2: Foul Ball, location: 2F
1-2: Ball
2-2: Ball
3-2: Base on Balls
Batting: RHB Cameron Irwin 0-0: Ball
1-0: Foul Ball, location: 2F
1-1: Reached on error, E6 (Groundball, 6)
Lorenzo Hernández to second
Batting: LHB Arthur Guzmán 0-0: Ball
1-0: Swinging Strike
1-1: Foul Ball, location: 2F
1-2: Strikes out swinging
Batting: RHB Gilberto Bautista 0-0: Called Strike
0-1: Ball
1-1: Ball
2-1: Ball
3-1: Swinging Strike
3-2: Foul Ball, location: 2F
3-2: Foul Ball, location: 2F
3-2: Base on Balls
Lorenzo Hernández to third
Cameron Irwin to second
Batting: RHB Josh Bergman 0-0: Foul Ball, location: 2F
0-1: Called Strike
0-2: Foul Ball, location: 2F
0-2: Ball
1-2: Ball
2-2: Ball
3-2: Foul Ball, location: 2F
3-2: Grounds into fielders choice 4-2 (Groundball, 4)
Cameron Irwin to third
Gilberto Bautista to second
Pitching: RHP Craig Mills
Batting: RHB Ángel Herrera 0-0: Foul Ball, location: 2F
0-1: Ball
1-1: Swinging Strike
1-2: Ball
2-2: Foul Ball, location: 2F
2-2: Fielders Choice at 2nd, 4-6 (Groundball, 4)
Top of the 6th over - 0 run(s), 0 hit(s), 1 error(s), 2 left on base; Texas Tech 2 - Minnesota 2
BOTTOM OF THE 6TH
Minnesota Golden Gophers batting - Pitching for Texas Tech Red Raiders : RHP Brent McPherson
Batting: RHB Tim Glendonwyn 0-0: Foul Ball, location: 2F
0-1: Ball
1-1: Fly out, F3 (Popup, 3L)
Batting: LHB Tony Ayala 0-0: Ball
1-0: Ball
2-0: Fly out, F9 (Flyball, 89M)
Batting: RHB Christian Nash 0-0: Ball
1-0: Called Strike
1-1: Fly out, F3 (Popup, 3S)
Bottom of the 6th over - 0 run(s), 0 hit(s), 0 error(s), 0 left on base; Texas Tech 2 - Minnesota 2
TOP OF THE 7TH
Texas Tech Red Raiders batting - Pitching for Minnesota Golden Gophers : RHP Craig Mills
Batting: SHB Andrés Cruz 0-0: Called Strike
0-1: Ball
1-1: Foul Ball, location: 2F
1-2: Strikes out swinging
Batting: RHB Nick McIntyre 0-0: Called Strike
0-1: SOLO HOME RUN (Flyball, 78XD), Distance : 389 ft
Batting: RHB Sam Lynch 0-0: Ball
1-0: Foul Ball, location: 2F
1-1: Ball
2-1: Fly out, F8 (Flyball, 8LM)
Batting: RHB Lorenzo Hernández 0-0: Called Strike
0-1: Foul Ball, location: 2F
0-2: Ball
1-2: Strikes out looking
Top of the 7th over - 1 run(s), 1 hit(s), 0 error(s), 0 left on base; Texas Tech 3 - Minnesota 2
BOTTOM OF THE 7TH
Minnesota Golden Gophers batting - Pitching for Texas Tech Red Raiders : RHP Brent McPherson
Batting: RHB Mike Martínez 0-0: Swinging Strike
0-1: Ball
1-1: Ball
2-1: Fly out, F4 (Popup, 34)
Batting: LHB Scott Rivera 0-0: Ball
1-0: Foul Ball, location: 2F
1-1: Fly out, F8 (Flyball, 8LD)
Batting: LHB Matt Pennington 0-0: Called Strike
0-1: Ball
1-1: Ball
2-1: Ground out 6-3 (Groundball, 6M)
Bottom of the 7th over - 0 run(s), 0 hit(s), 0 error(s), 0 left on base; Texas Tech 3 - Minnesota 2
TOP OF THE 8TH
Texas Tech Red Raiders batting - Pitching for Minnesota Golden Gophers : RHP Craig Mills
Batting: RHB Cameron Irwin 0-0: Foul Ball, location: 2F
0-1: Called Strike
0-2: Strikes out swinging
Batting: LHB Arthur Guzmán 0-0: SINGLE (Line Drive, 9S)
Batting: RHB Gilberto Bautista 0-0: Swinging Strike
0-1: Foul Ball, location: 2F
0-2: Ball
1-2: Ball
2-2: Strikes out swinging
Batting: RHB Josh Bergman 0-0: Ball
1-0: Ball
2-0: Fly out, F8 (Flyball, 78M)
Top of the 8th over - 0 run(s), 1 hit(s), 0 error(s), 1 left on base; Texas Tech 3 - Minnesota 2
BOTTOM OF THE 8TH
Minnesota Golden Gophers batting - Pitching for Texas Tech Red Raiders : RHP Brent McPherson
Batting: RHB Miguel Rodríguez 0-0: Ball
1-0: Ball
2-0: Called Strike
2-1: Swinging Strike
2-2: Ball
3-2: Base on Balls
Batting: RHB Pedro García 0-0: Bunted foul
0-1: Sac Bunt - play at first, batter OUT! 2-4
Miguel Rodríguez to second
Batting: RHB James Morris 0-0: Called Strike
0-1: Swinging Strike
0-2: Fly out, F6 (Line Drive, 6)
Pitching: RHP Jacob Page
Batting: RHB Tim Glendonwyn 0-0: Ball
1-0: Foul Ball, location: 2F
1-1: Ground out 4-3 (Groundball, 4D)
Bottom of the 8th over - 0 run(s), 0 hit(s), 0 error(s), 1 left on base; Texas Tech 3 - Minnesota 2
TOP OF THE 9TH
Texas Tech Red Raiders batting - Pitching for Minnesota Golden Gophers : RHP Craig Mills
Pitching: RHP Colm Day
Batting: RHB Ángel Herrera 0-0: Called Strike
0-1: Ball
1-1: Swinging Strike
1-2: Foul Ball, location: 2F
1-2: Fly out, F5 (Line Drive, 56)
Batting: SHB Andrés Cruz 0-0: Ball
1-0: Swinging Strike
1-1: Ball
2-1: Ball
3-1: Called Strike
3-2: Foul Ball, location: 2F
3-2: Fly out, F7 (Line Drive, 7S)
Batting: RHB Nick McIntyre 0-0: Foul Ball, location: 2F
0-1: Ball
1-1: Ball
2-1: Foul Ball, location: 2F
2-2: Fly out, F8 (Flyball, 78D)
Top of the 9th over - 0 run(s), 0 hit(s), 0 error(s), 0 left on base; Texas Tech 3 - Minnesota 2
BOTTOM OF THE 9TH
Minnesota Golden Gophers batting - Pitching for Texas Tech Red Raiders : RHP Jacob Page
Pitching: RHP Aaron Myers
Batting: LHB Tony Ayala 0-0: Fly out, F4 (Popup, 4D)
Batting: RHB Christian Nash 0-0: Fly out, F9 (Flyball, 9)
Batting: RHB Mike Martínez 0-0: Ball
1-0: Foul Ball, location: 2F
1-1: Foul Ball, location: 2F
1-2: Ground out 5-3 (Groundball, 56)
Bottom of the 9th over - 0 run(s), 0 hit(s), 0 error(s), 0 left on base; Texas Tech 3 - Minnesota 2
Thursday, March 30th, 2017 - OOTP Baseball 17.12 Build 75